 Dungeon Crawl Stone Soup version 0.28.0-62-gf88900778d (webtiles) character file.

Game seed: 7259515953983704770

16317 jjjjhere the Basher (level 12, -5/77 HPs)
             Began as a Gargoyle Abyssal Knight on Mar 30, 2023.
             Was a Believer of Lugonu.
             Slain by a death knight
             ... wielding a +0 great mace
              (30 damage)
             ... on level 11 of the Dungeon.
             The game lasted 00:20:08 (15222 turns).

jjjjhere the Basher (Gargoyle Abyssal Knight)      Turns: 15222, Time: 00:20:08

Health: -5/77      AC: 20    Str: 22    XL:     12   Next: 36%
Magic:  8/19       EV: 10    Int: 17    God:    Lugonu [**....]
Gold:   788        SH:  0    Dex: 16    Spells: 11/11 levels left

rFire   . . .      SeeInvis .   w - +2 mace of a Million Orbs {protect, rN+}
rCold   . . .      Faith    .   (no shield)
rNeg    + + .      Spirit   .   n - +0 scale mail
rPois   ∞          Reflect  .   h - +1 helmet
rElec   +          Harm     .   A - +0 cloak
rCorr   .          Rampage  .   (no gloves)
Will    .....                   (no boots)
Stlth   ..........              y - amulet of the acrobat
HPRegen 0.22/turn               b - +6 ring of dexterity
MPRegen 0.16/turn               v - +6 ring of intelligence

@: about to teleport
A: sickness immunity, AC +8, negative energy resistance 1, electricity
resistance, torment resistance 1, petrification resistance, screaming 1
a: Renounce Religion, Depart the Abyss, Bend Space


You were on level 11 of the Dungeon.
You worshipped Lugonu.
Lugonu was pleased with you.
You visited 1 branch of the dungeon, and saw 12 of its levels.
You visited the Abyss 1 time.

You collected 788 gold pieces.

Inventory:

Hand Weapons
 r - a +0 flail of holy wrath
 t - a +4 flail
 w - the +2 mace of a Million Orbs (weapon) {protect, rN+}
   (You took it off an orc on level 10 of the Dungeon)

   It grants its wielder temporary protection when it strikes (+7 to AC).
   rN:        It protects you from negative energy.
Armour
 h - a +1 helmet (worn)
 n - a +0 scale mail (worn)
 A - a +0 cloak (worn)
Jewellery
 b - a +6 ring of dexterity (left hand)
 v - a +6 ring of intelligence (right hand)
 y - an amulet of the acrobat (around neck)
Wands
 f - a wand of polymorph (8)
 k - a wand of charming (4)
 p - a wand of digging (11)
 B - a wand of iceblast (25)
Scrolls
 a - 3 scrolls of blinking
 m - a scroll of teleportation
 o - a scroll of enchant weapon
 C - 2 scrolls of holy word
 F - a scroll of amnesia
 G - 2 scrolls of magic mapping
Potions
 d - a potion of brilliance
 e - 3 potions of lignification
 g - 2 potions of magic
 i - 5 potions of cancellation
 j - a potion of mutation
 l - a potion of invisibility
 q - a potion of ambrosia
 s - a potion of resistance
 u - a potion of curing
 x - 2 potions of attraction
 D - a potion of flight
 E - 2 potions of might


   Skills:
 + Level 9.8 Fighting
 - Level 14.0 Maces & Flails
 + Level 8.4 Armour
 - Level 0.7 Dodging
 - Level 10.1 Invocations


You had 11 spell levels left.
You didn't know any spells.
Your spell library contained the following spells:

 Spells                   Type           Power      Damage    Failure   Level
 Petrify                  Tmut/Erth      0%         N/A       99%         4
 Summon Ice Beast         Ice/Summ       0%         N/A       99%         4
 Irradiate                Conj/Tmut      0%         3d13      100%        5
 Summon Mana Viper        Hex/Summ       0%         N/A       100%        5
 Monstrous Menagerie      Summ           0%         N/A       100%        7
 Sublimation of Blood     Necr           Unusable   N/A       N/A         2

Dungeon Overview and Level Annotations

Branches:
Dungeon (12/15)            Temple (0/1) D:7            Lair (0/6) D:11
    Orc (0/2) D:12

Altars:
Ashenzari
Elyvilon
Gozag
Ru
Uskayaw
Wu Jian
Xom
Yredelemnul
The Shining One

Shops:
D:5 =   D:10 =

Annotations:
D:10 exclusion: oklob sapling
D:12 Kirke


Innate Abilities, Weirdness & Mutations

You are immune to sickness and miasma.
Your stone body is resilient. (AC +8)
You are immune to poison.
You resist negative energy. (rN+)
You are resistant to electric shocks. (rElec)
You are resistant to unholy torment.
You are immune to petrification.
You occasionally shout uncontrollably at your foes.


Message History

Press: ? - help, Shift-Dir - straight line, f/p - freezing wraith
Aim: a freezing wraith (almost destroyed, chance to affect: 73%)
The freezing wraith is devoured by a tear in reality.
Lugonu claims a new guest.
Things that are here:
a +0 shortbow; 19 arrows; a centaur skeleton You start resting.
A cyclops is nearby!
You feel yourself speed up.
You start resting.
A cyclops is nearby!
Press: ? - help, Shift-Dir - straight line, f - cyclops
Aim: a cyclops, quivering large rocks (wandering, hasn't noticed you, chance to affect: 73%)
The cyclops shouts!
The cyclops is devoured by a tear in reality.
Lugonu claims a new guest.
You start resting.
Magic restored.
You start resting.
A death knight is nearby!
Press: ? - help, Shift-Dir - straight line, f - death knight
Aim: a death knight, wielding a +0 great mace and wearing a +0 chain mail (wandering, hasn't noticed you, chance to affect: 38%)
The death knight shouts!
The death knight resists with some effort.
Press: ? - help, Shift-Dir - straight line, f/p - death knight
Aim: a death knight, wielding a +0 great mace and wearing a +0 chain mail (chance to affect: 38%)
The death knight resists with some effort.
Press: ? - help, Shift-Dir - straight line, f/p - death knight
Aim: a death knight, wielding a +0 great mace and wearing a +0 chain mail (chance to affect: 38%)
The death knight resists with some effort.
You can no longer banish your foes.
The death knight calls down the wrath of Yredelemnul upon you.
Your body is wracked with pain!
Okay, then.
Unknown command.
Okay, then.
As you read the scroll of teleportation, it crumbles to dust.
You feel strangely unstable.
The death knight hits you with a +0 great mace!!
You die...

#####......##......#####.#...)).#
...........######........#..###)#
...........# #........'..###.#
........#### #........##......
........# ##########......#..#
........# #............##....#
........# ####..................#
........# #)..............##.#..#
..####### #)##.p@..........#.....
..# ##'###########.##.#..... ...
#8.8# #.##.#.##.. # #8.8#####
#.##....... #.#.#8.8#.#.#
#.####.##.# #..'...C..## #.#
#.##.. #..(##8##...# #.# #.####
#'#########'## #.# #.> #.
#.......#c.# #.# #.#


You could see a death knight.

Vanquished Creatures
  A two-headed ogre (D:7)
  A centaur warrior (D:11)
  Pikel (D:5)
  A komodo dragon (D:8)
  A troll (D:9)
  Grinder (D:4)
  2 hornets
  4 slime creatures (D:12)
  Sigmund (D:3)
  2 shadows (D:10)
  A wraith (D:11)
  14 yaks
  5 hogs (D:12)
  A basilisk (D:8)
  Duvessa (D:6)
  3 water moccasins
  2 orc warriors
  4 sky beasts
  An ice beast (D:6)
  A black bear (D:8)
  3 ogres
  A necrophage (D:6)
  5 centaurs
  2 lemures (D:5)
  2 phantoms (D:5)
  A kobold brigand (D:6)
  Blork the orc (D:4)
  4 bullfrogs
  A wyvern zombie (D:9)
  2 scorpions
  Dowan (D:6)
  5 killer bees
  5 wights (D:7)
  7 howler monkeys
  4 centaur zombies
  3 jellies
  A bullfrog skeleton (D:6)
  4 hounds
  A centaur skeleton (D:7)
  2 iguanas
  4 orc priests
  A gnoll shaman (D:6)
  Ijyb (D:5)
  9 orc wizards
  A hound skeleton (D:4)
  A howler monkey zombie (D:6)
  10 gnolls
  A howler monkey skeleton (D:7)
  7 adders
  2 white imps (D:5)
  2 adder skeletons (D:4)
  A worm (D:2)
  2 dart slugs
  19 orcs
  5 endoplasms
  6 giant cockroaches
  3 goblins
  4 hobgoblins
  3 jackals (D:3)
  6 kobolds
  4 quokkas
  9 ball pythons
  6 bats
  3 frilled lizards
  7 rats
  A spectral orc (D:10)
221 creatures vanquished.

Vanquished Creatures (others)
  6 plants (D:10)
6 creatures vanquished.

Grand Total: 227 creatures vanquished

Notes
Turn   | Place    | Note
-------+----------+-------------------------------------------
     0 | Abyss:1  | jjjjhere the Gargoyle Abyssal Knight began the quest for
                  | the Orb.
     0 | Abyss:1  | Reached XP level 1. HP: 14/14 MP: 2/2
    42 | Abyss:1  | Noticed a hell hound
    84 | Abyss:3  | Noticed a large abomination
    85 | Abyss:3  | Noticed an apocalypse crab
    87 | D:1      | Escaped the Abyss
   261 | D:1      | Reached XP level 2. HP: 19/19 MP: 3/3
   328 | D:1      | Found a faded altar of an unknown god.
   341 | D:1      | Reached * piety under Lugonu
   787 | D:2      | Reached skill level 3 in Maces & Flails
   803 | D:2      | Reached XP level 3. HP: 24/24 MP: 4/4
  1346 | D:2      | Reached XP level 4. HP: 27/29 MP: 5/5
  1387 | D:2      | Reached skill level 4 in Maces & Flails
  1532 | D:2      | Found a white marble altar of Elyvilon.
  1542 | D:2      | Reached ** piety under Lugonu
  1979 | D:3      | Reached XP level 5. HP: 34/34 MP: 6/6
  1982 | D:3      | Noticed Sigmund
  2219 | D:3      | Found a sacrificial altar of Ru.
  2554 | D:3      | Killed Sigmund
  2555 | D:3      | Reached skill level 5 in Fighting
  2555 | D:3      | Reached skill level 5 in Maces & Flails
  2555 | D:3      | Reached XP level 6. HP: 28/40 MP: 7/7
  2722 | D:4      | Found an opulent altar of Gozag.
  3607 | D:4      | Reached skill level 6 in Maces & Flails
  3607 | D:4      | Reached XP level 7. HP: 30/44 MP: 8/8
  3860 | D:4      | Noticed Grinder
  3872 | D:4      | Killed Grinder
  3873 | D:4      | Reached skill level 7 in Maces & Flails
  3963 | D:4      | Noticed Blork the orc
  4309 | D:4      | Killed Blork the orc
  4310 | D:4      | Reached skill level 8 in Maces & Flails
  4412 | D:5      | Entered Level 5 of the Dungeon
  4427 | D:5      | Reached XP level 8. HP: 49/49 MP: 9/9
  4597 | D:5      | Found Abluqykk's Jewellery Shop.
  4818 | D:5      | Noticed Pikel
  4843 | D:5      | Killed Pikel
  4844 | D:5      | Reached skill level 10 in Maces & Flails
  5041 | D:5      | Noticed Ijyb
  5053 | D:5      | Killed Ijyb
  5370 | D:5      | Found an ornate altar of the Wu Jian Council.
  5404 | D:6      | Reached XP level 9. HP: 53/54 MP: 10/10
  5664 | D:6      | Reached skill level 11 in Maces & Flails
  5672 | D:6      | HP: 17/54 [necrophage (1)]
  5677 | D:6      | HP: 16/54 [necrophage (2)]
  5681 | D:6      | HP: 7/54 [necrophage (5)]
  5705 | D:6      | Noticed a hornet
  5705 | D:6      | an ogre changed into a hornet
  5707 | D:6      | Gained mutation: You occasionally shout uncontrollably at
                  | your foes. [potion of mutation]
  5707 | D:6      | HP: 7/54 [hornet (4)]
  5720 | D:6      | Killed a hornet
  6029 | D:6      | Found a broken altar of Ashenzari.
  6128 | D:6      | Reached skill level 12 in Maces & Flails
  6165 | D:6      | Reached *** piety under Lugonu
  6240 | D:6      | Found a hide-covered altar of Uskayaw.
  6742 | D:6      | Noticed Duvessa
  6767 | D:6      | Killed Duvessa
  6783 | D:6      | Noticed Dowan
  6788 | D:6      | Killed Dowan
  6922 | D:6      | Reached skill level 13 in Maces & Flails
  7412 | D:7      | Noticed a two-headed ogre
  7458 | D:7      | Noticed a hornet
  7472 | D:7      | Killed a hornet
  7473 | D:7      | Reached XP level 10. HP: 22/59 MP: 10/12
  7474 | D:7      | HP: 19/59 [centaur skeleton (3)]
  7689 | D:7      | Found a shimmering altar of Xom.
  7692 | D:7      | Found a glowing golden altar of the Shining One.
  8048 | D:7      | Found a white marble altar of Elyvilon.
  8117 | D:7      | Killed a two-headed ogre
  8300 | D:7      | Found a staircase to the Ecumenical Temple.
  8535 | D:7      | Reached skill level 5 in Invocations
  9111 | D:8      | HP: 11/59 [komodo dragon (18)]
  9177 | D:8      | HP: 15/59 [komodo dragon (8)]
  9535 | D:8      | Reached skill level 14 in Maces & Flails
  9630 | D:8      | Reached **** piety under Lugonu
  9975 | D:8      | Reached XP level 11. HP: 42/64 MP: 16/16
 10570 | D:9      | Noticed a boulder beetle
 10973 | D:9      | You fall into a shaft and drop 3 floors!
 11116 | D:12     | Noticed a deep elf pyromancer
 11118 | D:12     | Banished a deep elf pyromancer
 11407 | D:12     | Noticed Kirke
 11447 | D:12     | HP: 16/67 [something (11)]
 11453 | D:12     | HP: 22/67 [gargoyle/stone arrow (20)]
 11457 | D:12     | Reached skill level 5 in Armour
 11699 | D:12     | Noticed a brown ugly thing
 11701 | D:12     | Banished a brown ugly thing
 11841 | D:10     | Entered Level 10 of the Dungeon
 12088 | D:10     | Noticed a two-headed ogre
 12091 | D:10     | Banished a two-headed ogre
 12241 | D:10     | Found Uppecwel's Jewellery Shop.
 13164 | D:9      | Banished a boulder beetle
 13165 | D:9      | Reached skill level 10 in Invocations
 13379 | D:10     | Identified the +2 mace of a Million Orbs {protect, rN+}
 13670 | D:10     | Found a basalt altar of Yredelemnul.
 14228 | D:11     | Noticed a cyclops
 14229 | D:11     | Banished a cyclops
 14230 | D:11     | Reached XP level 12. HP: 75/75 MP: 14/19
 14441 | D:11     | Found a staircase to the Lair.
 14634 | D:11     | Noticed a death knight
 14639 | D:11     | Noticed a centaur warrior
 14663 | D:11     | Killed a centaur warrior
 14673 | D:11     | HP: 25/76 [troll (5)]
 14679 | D:11     | HP: 6/76 [troll (8)]
 14730 | D:11     | HP: 8/76 [centaur warrior zombie (8)]
 15068 | D:11     | Noticed a four-headed hydra
 15073 | D:11     | Banished a four-headed hydra
 15096 | D:11     | HP: 8/76 [freezing wraith (21)]
 15098 | D:11     | HP: 1/76 [freezing wraith (12)]
 15219 | D:11     | HP: 24/77 [??? (5)]
 15222 | D:11     | Slain by a death knight

Illustrated notes

Levels and vault maps discovered:
D:1:      dpeg_arrival_tiny_a, layout_rooms, ebering_ecumenical_altar_webs
D:2:      layout_basic, basic_altar
D:3:      layout_rooms, nicolae_ru_path_of_blood, uniq_sigmund
D:4:      layout_gridville, lemuel_tele_altar, minmay_ruptured, uniq_grinder,
          uniq_blork_the_orc
D:5:      layout_basic, nzn_wu_jian_council_hall, serial_shops,
          kennysheep_little_box, uniq_pikel, uniq_ijyb
D:6:      layout_loops_ring, cheibrodos_ashenzari_chains,
          mainiacjoe_overflow_surrounded_room, kennysheep_big_empty_room,
          uniq_duvessa
D:7:      layout_gridville, nicolae_elyvilon_peaceful_grove,
          nicolae_overflow_squiral, temple_pool_b, st_stairs_3
D:8:      layout_basic, nicolae_underground_beach
D:9:      layout_layer_cave
D:10:     layout_loops_corners, yredelemnul_forgotten_temple_becter,
          serial_shops, shop, introduction_to_nature_2
D:11:     minmay_chambers_of_sevens, layout_basic, lair_entry_dummy
D:12:     layout_roguey, hiddenorc1_lemuel, serial_rivers,
          chequers_serial_rivers_small_b, chequers_serial_rivers_small_3,
          chequers_serial_rivers_large_a, chequers_serial_rivers_micro_d,
          chequers_serial_rivers_micro_a, chequers_serial_rivers_small_b,
          uniq_kirke, uniq_sonja

Skill      XL: |  1  2  3  4  5  6  7  8  9 10 11 12 |
---------------+-------------------------------------+-----
Maces & Flails | 3 4 5 6 8 10 13 14 | 14.0
Fighting       | 4 5 6 8 9 |  9.8
Invocations    | 7 10 | 10.1
Armour         | 3 6 8 |  8.4
Dodging        | |  0.7

Action                   |  1- 3 |  4- 6 |  7- 9 | 10-12 || total
-------------------------+-------+-------+-------+-------++-------
Melee: Mace              |    79 |    44 |       |   183 ||   306
       Whip              |       |    67 |       |       ||    67
       Flail             |       |    19 |   299 |   383 ||   701
       Punch             |       |     1 |     3 |    11 ||    15
       Unarmed           |       |       |     1 |       ||     1
Invok: Depart the Abyss  |     1 |       |       |       ||     1
       Banish            |       |       |       |    18 ||    18
       Bend Space        |       |       |       |     1 ||     1
Evoke: Wand              |       |       |    10 |    16 ||    26
  Use: Scroll            |       |       |    14 |    10 ||    24
       Potion            |       |       |     4 |     3 ||     7
Armor: Leather armour    |    42 |    15 |       |       ||    57
       Ring mail         |       |    27 |   123 |    11 ||   161
       Skin              |       |       |     1 |       ||     1
       Scale mail        |       |       |       |   249 ||   249
Dodge: Dodged            |    58 |    67 |   140 |   254 ||   519
